 Dungeon Crawl Stone Soup version 0.31-a0-1300-gb6740aa4e6 (webtiles) character file.

Game seed: 12156959046338203298

203743 grandjackal the Slayer (level 17, -1/173 HPs)
             Began as a Yellow Draconian Gladiator on Dec 19, 2023.
             Was the Champion of Trog.
             Constricted to death by a formless jellyfish (2 damage)
             ... on level 1 of the Pits of Slime.
             The game lasted 00:53:13 (30240 turns).

grandjackal the Slayer (DrGl)                      Turns: 30240, Time: 00:53:13

Health: -1/173     AC: 19    Str: 17    XL:     17   Next: 99%
Magic:  17/17      EV: 19    Int: 15    God:    Trog [******]
Gold:   429        SH:  7    Dex: 19    Spells: 16/16 levels left

rFire   . . .        h - +5 demon blade (flame)
rCold   . . .        O - +0 buckler
rNeg    . . .        (body armour unavailable)
rPois   .            G - +2 hat {Will+}
rElec   +            Z - +2 cloak {Will+}
rCorr   +            X - +3 pair of gauntlets of War {Slay+5}
SInv    .            P - +0 pair of boots
Will    ++++.        Q - amulet of Igiv {Will+ Regen+ Int+5}
Stlth   ++           W - ring of Wipt {Fly rElec}
HPRegen 1.28/turn    p - +4 ring of slaying
MPRegen 0.15/turn

%: no passive effects
@: lethally poisoned (-1 -> -24), flying, constricted
A: spit acid, AC +9, unfitting armour, acidic bite, cold-blooded, acid
resistance
}: 1/15 runes: serpentine
a: Breathe Acid, Renounce Religion, Berserk, Trog's Hand, Brothers in Arms


You were on level 1 of the Pits of Slime.
You worshipped Trog.
Trog was exalted by your worship.
You visited 7 branches of the dungeon, and saw 29 of its levels.
You also visited: Gauntlet and Ice Cave.

You collected 2883 gold pieces.
You spent 2454 gold pieces at shops.

Inventory:

Hand Weapons
 h - a +5 demon blade of flaming (weapon)
Missiles
 c - 4 throwing nets (quivered)
Armour
 a - a +2 kite shield of reflection
 f - a +1 cloak of cold resistance
 t - a +1 tower shield of cold resistance
 z - a +2 tower shield of reflection
 G - a +2 hat of willpower (worn)
 O - a +0 buckler (worn)
 P - a +0 pair of boots (worn)
 X - the +3 pair of gauntlets of War (worn) {Slay+5}
   (You found it on level 5 of the Lair of Beasts)

   Slay+5:    It affects your accuracy & damage with ranged weapons and melee
   (+5).
 Z - a +2 cloak of willpower (worn)
Jewellery
 o - a ring of positive energy
 p - a +4 ring of slaying (right hand)
 r - a ring of willpower
 D - a ring of protection from cold
 Q - the amulet of Igiv (around neck) {Will+ Regen+ Int+5}
   (You found it in a Gauntlet)

   [amulet of regeneration]

   Int+5:     It affects your intelligence (+5).
   Will+:     It increases your willpower.
   Regen+:    It increases your rate of health regeneration.
 W - the ring of Wipt (left hand) {Fly rElec}
   (You took it off a centaur warrior on level 14 of the Dungeon)

   [ring of flight]

   rElec:     It insulates you from electricity.
   Fly:       It grants you flight.
Wands
 w - a wand of polymorph (18)
 A - a wand of charming (39)
 B - a wand of iceblast (21)
 E - a wand of acid (19)
 J - a wand of flame (5)
 K - a wand of mindburst (10)
 R - a wand of digging (7)
Scrolls
 d - a scroll of noise {unknown}
 k - a scroll of summoning
 n - 5 scrolls of revelation
 s - 2 scrolls of immolation
 u - 9 scrolls of teleportation
 y - 3 scrolls of fog
 C - a scroll of silence
 L - 3 scrolls of vulnerability
 N - a scroll of fear
 Y - a scroll of poison
Potions
 b - 5 potions of attraction
 e - 3 potions of mutation
 g - 15 potions of heal wounds
 i - 4 potions of haste
 j - 5 potions of ambrosia
 l - 16 potions of curing
 q - 2 potions of lignification
 x - 5 potions of might
 F - 5 potions of invisibility
 H - a potion of berserk rage
 I - 2 potions of enlightenment
 S - 4 potions of resistance
Miscellaneous
 m - a phial of floods
 M - a sack of spiders
 T - a lightning rod (4/4)
 U - a phantom mirror
 V - a tin of tremorstones (2/2)


   Skills:
 + Level 21.0 Fighting
 - Level 16.0 Long Blades
 - Level 2.0 Throwing
 - Level 15.4 Dodging
 + Level 10.5 Shields
 + Level 11.6 Evocations


You had 16 spell levels left.
You didn't know any spells.
Your spell library was empty.

Dungeon Overview and Level Annotations

Branches:
Dungeon (15/15)            Temple (1/1) D:5            Lair (5/5) D:10
 Shoals (0/4) Lair:2        Snake (4/4) Lair:2        Slime (1/5) Lair:4
    Orc (2/2) D:12            Elf (0/3) Orc:2        Vaults (0/5) D:14
 Depths (1/4) D:15          IceCv (visited)         Gauntlet (visited)

Altars:
Ashenzari
Cheibriados
Dithmenos
Elyvilon
Fedhas
Gozag
Hepliaklqana
Kikubaaqudgha
Makhleb
Nemelex Xobeh
Okawaru
Qazlal
Ru
Sif Muna
Trog
Uskayaw
Vehumet
Wu Jian
Xom
Yredelemnul
Zin
The Shining One
Jiyva
Lugonu

Shops:
D:2 !   D:6 *   D:7 *   D:9 [   D:12 (   D:14 !   Orc:1 *   Orc:2 *?*=
Snake:1 !*!   Snake:2 (

Portals:
Trove: D:14 (show slimy rune of Zot)

Annotations:
D:8 2 transporters, SecretSquirrel's ghost, novice VSIE
D:13 1 runed translucent door, Alealo Viph's ghost, journeyman TrFi


Innate Abilities, Weirdness & Mutations

You can spit globs of acid.
Your golden yellow scales are hard. (AC +9)
You cannot fit into any form of body armour.
You have acidic saliva.
You are cold-blooded and may be slowed by cold attacks.
You are resistant to acid. (rCorr)


Message History

The formless jellyfish closely misses you.
Unknown command.
Unknown command.
The formless jellyfish's grasp on you weakens, but your attempt to escape fails.
You feel very sick.
The formless jellyfish stings you but does no damage.
The formless jellyfish constricts you.
The very large slime creature hits you!!
The slime creature hits you. You block the slime creature's attack.
The slime creature barely misses you.
A slime creature comes into view.
Two slime creatures merge to form a large slime creature.
The formless jellyfish stings you!!
* * * LOW HITPOINT WARNING * * *
You shrug off the repeated paralysis!
You are more poisoned.
The formless jellyfish poisons you!
The slime creature quivers.
Unknown command.
As you read the scroll labelled YREIFIESHEL, it crumbles to dust.
Your body is wracked with pain!
* * * LOW HITPOINT WARNING * * *
The formless jellyfish convulses!
The azure jelly convulses!
The slime creature convulses!
The acid blob convulses!
The formless jellyfish convulses!
The slime creature convulses!
The very large slime creature convulses!
The slime creature convulses!
The large slime creature convulses!
The slime creature convulses! x2; The acid blob convulses!
It was a scroll of torment.
* * * LOW HITPOINT WARNING * * *
You feel extremely sick.
The slime creature hits you but does no damage.
You block the slime creature's attack.
Two slime creatures merge to form a very large slime creature.
Two slime creatures merge to form a large slime creature.
The very large slime creature hits you!
* * * LOW HITPOINT WARNING * * *
You block the formless jellyfish's attack.
The formless jellyfish constricts you.
You die...

....#.......#..
...............
...............
...............
........>......
..............#
......JJJ......
.J..J.J@J......
...##.JJJ......
.............
...............
...........##..
......#..... .
.......#...##
....... ...#


You could see 2 formless jellyfish, 2 acid blobs, an azure jelly, 2 very large
slime creatures, a large slime creature and 2 slime creatures.

Vanquished Creatures
  An Ice Fiend (IceCv)
  Agnes (D:14)
  Gastronok (D:8)
  5 nagarajas (Snake:4)
  An orc warlord (Orc:2)
  A minotaur (Gauntlet)
  2 dire elephants
  A fire dragon (Depths:1)
  A rakshasa (D:15)
  4 salamander tyrants (Snake:4)
  9 hydras
  4 ogre magi (Orc:2)
  10 anacondas
  9 centaur warriors
  6 catoblepae
  19 two-headed ogres
  2 boulder beetles
  12 naga warriors
  A hell hog (Lair:5)
  A shock serpent (shapeshifter) (D:15)
  10 naga sharpshooters
  2 tengu warriors
  8 death yaks
  An occultist (D:15)
  Urug (Lair:5)
  An orc high priest (Orc:2)
  8 shock serpents
  4 salamander mystics
  4 skeletal warriors (D:14)
  An obsidian statue (IceCv)
  An orange crystal statue (IceCv)
  A glowing orange brain (D:15)
  A bog body (IceCv)
  7 naga ritualists
  A lindwurm (Lair:5)
  5 spriggan simulacra (IceCv)
  5 orc knights
  9 mana vipers
  An oklob plant (Lair:5)
  A cyclops (D:12)
  5 ugly things
  6 manticores
  16 salamanders
  Maurice (Orc:2)
  26 elephants
  43 black mambas
  4 guardian serpents
  18 naga magi
  3 kobold blastminers
  4 gargoyles
  Maggie (D:8)
  4 torpor snails
  6 rime drakes
  Jeremiah (D:6)
  3 efreet
  24 cane toads
  9 freezing wraiths
  An anaconda simulacrum (IceCv)
  An unseen horror (D:13)
  3 tengu conjurers
  8 komodo dragons
  3 ice devils (IceCv)
  A queen bee (Lair:4)
  2 trolls
  3 meliai (Lair:4)
  A wolf spider simulacrum (D:15)
  5 hornets
  16 polar bears
  5 dream sheep
  3 raiju (Lair:5)
  10 blink frogs
  4 slime creatures
  3 centaur simulacra (D:15)
  Eustachio (D:5)
  9 wyverns
  3 spriggans (Lair:4)
  A small abomination (D:15)
  A spriggan (shapeshifter) (D:13)
  9 basilisks
  4 water elementals
  A dire elephant simulacrum (IceCv)
  3 wraiths
  50 yaks
  A steam dragon (D:9)
  16 humans (D:14)
  8 wargs
  9 vampire mosquitoes
  3 minotaur simulacra (IceCv)
  Menkaure (D:5)
  3 acid dragons
  A harpy simulacrum (IceCv)
  2 swamp worms (Gauntlet)
  2 hydra simulacra (IceCv)
  54 nagas
  19 water moccasins
  Duvessa (D:5)
  12 hell hounds (Lair:5)
  A black bear (shapeshifter) (D:15)
  17 orc warriors
  A sky beast (D:5)
  2 ice beasts (D:15)
  26 ogres
  13 black bears
  20 wolves
  18 centaurs
  A phantom (D:5)
  A kobold brigand (D:8)
  2 deep troll simulacra (IceCv)
  2 scorpions
  9 bullfrogs
  A gnoll sergeant (D:9)
  3 wights (D:10)
  Dowan (D:5)
  31 killer bees
  4 jellies
  8 electric eels
  6 howler monkeys
  A lava snake (Lair:4)
  3 hounds
  Crazy Yiuf (D:5)
  13 orc priests
  2 sleepcaps
  Ijyb (D:5)
  Natasha (thrice) (D:2)
  2 iguanas
  20 orc wizards
  5 gnolls (D:9)
  8 adders
  10 white imps
  3 ufetubi
  A worm (D:2)
  2 dart slugs (D:5)
  69 orcs
  2 ball pythons
  14 endoplasms
  2 giant cockroaches
  12 goblins
  2 hobgoblins
  6 jackals (D:1)
  6 quokkas
  6 bats
  2 frilled lizards (D:3)
  15 kobolds
  5 rats
1003 creatures vanquished.

Notes
Turn   | Place    | Note
-------+----------+-------------------------------------------
     0 | D:1      | grandjackal the Draconian Gladiator began the quest for the
                  | Orb.
     0 | D:1      | Reached XP level 1. HP: 17/17 MP: 1/1
   179 | D:1      | Reached XP level 2. HP: 25/25 MP: 2/2
   507 | D:1      | Reached XP level 3. HP: 30/30 MP: 3/3
   758 | D:2      | Reached skill level 3 in Fighting
   850 | D:2      | Noticed Natasha
   857 | D:2      | Killed Natasha
   858 | D:2      | Reached XP level 4. HP: 27/38 MP: 4/4
  1057 | D:2      | Found Odghes's Distillery.
  1063 | D:2      | Bought a potion of lignification for 33 gold pieces
  1128 | D:2      | Noticed Natasha
  1133 | D:2      | Killed Natasha
  1231 | D:2      | Noticed Natasha
  1243 | D:2      | Killed Natasha
  1475 | D:2      | Found a faded altar of an unknown god.
  1605 | D:3      | Reached XP level 5. HP: 46/46 MP: 5/5
  1986 | D:3      | Reached skill level 4 in Fighting
  2674 | D:4      | Reached XP level 6. HP: 28/53 MP: 6/6
  2951 | D:4      | Found a hazy altar of Hepliaklqana.
  3117 | D:4      | Found a shimmering blue altar of Sif Muna.
  3201 | D:5      | Entered Level 5 of the Dungeon
  3334 | D:5      | Noticed Ijyb
  3354 | D:5      | Killed Ijyb
  3420 | D:5      | Found a shimmering altar of Xom.
  3432 | D:5      | Found a burning altar of Makhleb.
  3437 | D:5      | Reached skill level 5 in Fighting
  3437 | D:5      | Reached skill level 5 in Long Blades
  3450 | D:5      | Your scales start taking on a golden yellow colour.
  3450 | D:5      | Reached XP level 7. HP: 30/61 MP: 7/7
  3450 | D:5      | Gained mutation: You are resistant to acid. (rCorr) [Yellow
                  | Draconian growth]
  3556 | D:5      | Found a staircase to the Ecumenical Temple.
  3654 | Temple   | Entered the Ecumenical Temple
  3683 | Temple   | Became a worshipper of Trog the Wrathful
  3724 | D:5      | Noticed Eustachio
  3747 | D:5      | Killed Eustachio
  3748 | D:5      | Reached skill level 5 in Dodging
  3850 | D:5      | Noticed Menkaure
  4073 | D:5      | Killed Menkaure
  4089 | D:5      | Reached skill level 6 in Fighting
  4196 | D:5      | Reached XP level 8. HP: 70/70 MP: 8/8
  4277 | D:5      | Noticed Duvessa
  4280 | D:5      | Noticed Dowan
  4288 | D:5      | Killed Duvessa
  4291 | D:5      | Killed Dowan
  4351 | D:5      | Found a runed translucent door.
  4352 | D:5      | Noticed Crazy Yiuf
  4361 | D:5      | Killed Crazy Yiuf
  4773 | D:6      | Noticed Jeremiah
  4789 | D:6      | Killed Jeremiah
  4790 | D:6      | Reached skill level 7 in Fighting
  4975 | D:6      | Reached * piety under Trog
  5081 | D:6      | Found Itogiemu's Fire Supplies.
  5115 | D:6      | Noticed a hornet
  5131 | D:6      | Killed a hornet
  5132 | D:6      | Reached skill level 8 in Fighting
  5132 | D:6      | Reached XP level 9. HP: 67/81 MP: 9/9
  5189 | D:6      | Found a glowing golden altar of the Shining One.
  5391 | D:7      | Found a sparkling altar of Nemelex Xobeh.
  5441 | D:7      | Found Zaony's General Store.
  5445 | D:7      | Found a snail-covered altar of Cheibriados.
  5452 | D:7      | Bought a scroll of enchant armour for 105 gold pieces
  5739 | D:7      | Found an iron altar of Okawaru.
  5945 | D:8      | Noticed Gastronok
  6024 | D:8      | Killed Gastronok
  6025 | D:8      | Reached skill level 9 in Fighting
  6091 | D:8      | Found a transporter.
  6091 | D:8      | Noticed a moth of wrath
  6116 | D:8      | Found a transporter.
  6119 | D:8      | Noticed SecretSquirrel's ghost (novice VSIE)
  6269 | D:8      | Reached XP level 10. HP: 89/91 MP: 10/10
  6273 | D:8      | Reached ** piety under Trog
  6482 | D:8      | Noticed Maggie
  6502 | D:8      | Killed Maggie
  6526 | D:8      | Found a white marble altar of Elyvilon.
  6542 | D:8      | Found a shadowy altar of Dithmenos.
  6878 | D:9      | Reached skill level 10 in Fighting
  6945 | D:9      | Identified the +9 lajatang "Beetlebane" {flame, rF+ MP+9
                  | Str-4}
  7317 | D:9      | Found an ancient bone altar of Kikubaaqudgha.
  7336 | D:9      | Reached skill level 10 in Long Blades
  7517 | D:9      | Reached skill level 11 in Fighting
  7538 | D:9      | Found a hide-covered altar of Uskayaw.
  7547 | D:9      | Found a sacrificial altar of Ru.
  7595 | D:9      | Found Cioxkisk's Antique Armour Shoppe.
  7699 | D:10     | Entered Level 10 of the Dungeon
  8000 | D:10     | Found an ornate altar of the Wu Jian Council.
  8036 | D:10     | Found a staircase to the Lair.
  8036 | D:10     | Noticed an elephant
  8044 | D:10     | Reached XP level 11. HP: 102/102 MP: 11/11
  8052 | D:10     | Reached *** piety under Trog
  8462 | D:11     | Noticed a two-headed ogre
  8475 | D:11     | Killed a two-headed ogre
  8561 | D:11     | Identified the +0 flail "Teeciol" {heavy, rElec rC++ Str-5
                  | Int+2}
  8879 | D:11     | Reached skill level 10 in Dodging
  9166 | D:12     | Noticed a six-headed hydra
  9422 | D:12     | Reached skill level 12 in Fighting
  9499 | D:12     | Reached **** piety under Trog
  9542 | D:12     | Found a staircase to the Orcish Mines.
  9748 | D:12     | Found Benufou's Weapon Boutique.
 10035 | D:12     | Killed a six-headed hydra
 10088 | D:12     | Noticed a centaur warrior
 10118 | D:12     | Killed a centaur warrior
 10147 | D:12     | Noticed a boulder beetle
 10174 | D:12     | Killed a boulder beetle
 10367 | D:12     | Reached XP level 12. HP: 113/113 MP: 12/12
 10829 | Lair:1   | Entered Level 1 of the Lair of Beasts
 11023 | Lair:1   | Reached skill level 13 in Fighting
 12046 | Lair:2   | Found a staircase to the Shoals.
 12168 | Lair:2   | Found a staircase to the Snake Pit.
 12232 | Lair:2   | Reached skill level 14 in Fighting
 12264 | Lair:2   | Found the +7 Kryia's mail coat {PotionHeal*2 rC+}
 12893 | Lair:3   | Reached XP level 13. HP: 124/124 MP: 13/13
 13707 | Lair:3   | Reached skill level 15 in Fighting
 14408 | Lair:3   | Reached ***** piety under Trog
 14803 | Lair:4   | Identified the +7 mace "Wasuluda" {pain, ^Drain rPois Dex+4
                  | SInv}
 14988 | Lair:4   | Received a gift from Trog
 14989 | Lair:4   | Gained mutation: You have acidic saliva. [Yellow Draconian
                  | growth]
 14989 | Lair:4   | Reached XP level 14. HP: 94/136 MP: 14/14
 15120 | Lair:4   | Found a staircase to the Slime Pits.
 15120 | Lair:4   | Found a viscous altar of Jiyva.
 15626 | Lair:4   | Reached skill level 16 in Fighting
 15695 | Lair:5   | Entered Level 5 of the Lair of Beasts
 15717 | Lair:5   | Found a gate leading to a gauntlet.
 15733 | Gauntlet | Entered a Gauntlet
 15733 | Gauntlet | Found a transporter.
 15733 | Gauntlet | Found a transporter.
 15733 | Gauntlet | Found a transporter.
 15791 | Gauntlet | Found a transporter.
 15797 | Gauntlet | Found a transporter.
 15802 | Gauntlet | Found a transporter.
 15805 | Gauntlet | Found a transporter.
 15813 | Gauntlet | Found a transporter.
 15831 | Gauntlet | Found a transporter.
 15850 | Gauntlet | Found a transporter.
 15852 | Gauntlet | Found a transporter.
 15862 | Gauntlet | Found a transporter.
 15904 | Gauntlet | Identified the amulet of Igiv {Will+ Regen+ Int+5}
 16134 | Gauntlet | Identified the staff "Hoilips" {Fly rF+ rC- rN+ Dex+6 Fire}
 16227 | Lair:5   | Reached skill level 15 in Long Blades
 16842 | Lair:5   | Noticed Urug
 16861 | Lair:5   | Killed Urug
 17430 | Lair:5   | Reached skill level 17 in Fighting
 17510 | Lair:5   | Found the +3 pair of gauntlets of War {Slay+5}
 17731 | Lair:5   | Reached XP level 15. HP: 115/147 MP: 15/15
 17996 | Lair:5   | Reached ****** piety under Trog
 18285 | Orc:1    | Entered Level 1 of the Orcish Mines
 18373 | Orc:1    | Found Maety's Gadget Gallery.
 18422 | Orc:1    | Bought a wand of iceblast (4) for 134 gold pieces
 18422 | Orc:1    | Bought a wand of iceblast (1) for 33 gold pieces
 18422 | Orc:1    | Bought a wand of iceblast (4) for 134 gold pieces
 18422 | Orc:1    | Bought a wand of iceblast (7) for 235 gold pieces
 18602 | Orc:2    | Entered Level 2 of the Orcish Mines
 18702 | Orc:2    | Found a staircase to the Elven Halls.
 18724 | Orc:2    | Found Jeumuxin's General Store.
 18724 | Orc:2    | Found Myfis's Jewellery Shoppe.
 18730 | Orc:2    | Reached skill level 1 in Evocations
 18730 | Orc:2    | Received a gift from Trog
 18731 | Orc:2    | Reached skill level 15 in Dodging
 19059 | Orc:2    | Reached skill level 18 in Fighting
 19182 | Orc:2    | Found Goxe's Magic Scroll Shop.
 19182 | Orc:2    | Found Vixzai Onump's Assorted Antiques.
 19232 | Orc:2    | Bought a scroll labelled VUNUTHROYWA for 31 gold pieces
 19234 | Orc:2    | Bought a scroll of fog for 44 gold pieces
 19234 | Orc:2    | Bought a scroll of fear for 44 gold pieces
 19234 | Orc:2    | Bought a scroll of teleportation for 33 gold pieces
 19234 | Orc:2    | Bought a scroll of teleportation for 33 gold pieces
 19364 | Orc:2    | Noticed Maurice
 19380 | Orc:2    | Killed Maurice
 19671 | D:13     | Identified the +4 long sword "Zoczorei" {flame, *Noise
                  | *Slow Will+++ Stlth+} (Trog gifted it to you on level 13 of
                  | the Dungeon)
 19671 | D:13     | Received a gift from Trog
 19681 | D:13     | Reached skill level 5 in Evocations
 19720 | D:13     | Reached skill level 1 in Shields
 19750 | D:13     | Found a runed translucent door.
 19750 | D:13     | Noticed Alealo Viph's ghost (journeyman TrFi)
 20001 | D:13     | Found a shadowy altar of Dithmenos.
 20396 | D:14     | Found a gate to the Vaults.
 20557 | D:14     | Identified the ring of Wipt {Fly rElec}
 20575 | D:14     | Reached XP level 16. HP: 153/159 MP: 16/16
 21309 | D:14     | Found Itsud's Distillery.
 21329 | D:14     | Bought a potion of resistance for 150 gold pieces
 21329 | D:14     | Bought a potion of curing for 45 gold pieces
 21329 | D:14     | Bought a potion of heal wounds for 75 gold pieces
 21444 | D:14     | Noticed Agnes
 21453 | D:14     | Killed Agnes
 21751 | D:14     | Found a portal to a secret trove of treasure.
 21956 | D:15     | Entered Level 15 of the Dungeon
 21993 | D:15     | Found a frozen archway.
 22000 | IceCv    | Entered an ice cave
 22209 | IceCv    | Received a gift from Trog
 22221 | IceCv    | Reached skill level 5 in Shields
 22358 | IceCv    | Reached skill level 19 in Fighting
 22453 | IceCv    | Noticed an Ice Fiend
 22476 | IceCv    | Killed an Ice Fiend
 23331 | D:15     | Found a staircase to the Depths.
 23877 | D:7      | Bought a sack of spiders for 560 gold pieces
 24078 | Depths:1 | Entered Level 1 of the Depths
 24301 | Snake:1  | Entered Level 1 of the Snake Pit
 24579 | Snake:1  | Found Ikhuoc Kuagg's Distillery.
 24581 | Snake:1  | Found Ickupp's Assorted Antiques.
 24583 | Snake:1  | Found Osal's Distillery.
 24616 | Snake:1  | Bought a potion of haste for 150 gold pieces
 24616 | Snake:1  | Bought a potion of heal wounds for 75 gold pieces
 24616 | Snake:1  | Bought a potion of heal wounds for 75 gold pieces
 24616 | Snake:1  | Bought a potion of resistance for 150 gold pieces
 24618 | Snake:1  | Bought a scroll labelled YREIFIESHEL for 30 gold pieces
 24620 | Snake:1  | Bought a potion of heal wounds for 95 gold pieces
 24620 | Snake:1  | Bought a potion of resistance for 190 gold pieces
 24961 | Snake:2  | Found Xaimyt's Weapon Shop.
 24982 | Snake:2  | Received a gift from Trog
 25538 | Snake:2  | Reached XP level 17. HP: 167/170 MP: 17/17
 26062 | Snake:3  | Reached skill level 20 in Fighting
 26731 | Snake:3  | Reached skill level 10 in Evocations
 27045 | Snake:3  | Received a gift from Trog
 27361 | Snake:4  | Entered Level 4 of the Snake Pit
 28065 | Snake:4  | Found a basalt altar of Yredelemnul.
 29149 | Snake:4  | Received a gift from Trog
 29310 | Snake:4  | Reached skill level 10 in Shields
 29804 | Snake:4  | Reached skill level 21 in Fighting
 29931 | Snake:4  | Got a serpentine rune of Zot
 30231 | Slime:1  | Entered Level 1 of the Pits of Slime
 30231 | Slime:1  | Noticed an acid blob
 30237 | Slime:1  | Paralysed by a formless jellyfish for 1 turns
 30237 | Slime:1  | Noticed an acid blob
 30240 | Slime:1  | HP: 1/173 [very large slime creature (9)]
 30240 | Slime:1  | Constricted to death by a formless jellyfish

Illustrated notes

Levels and vault maps discovered:
D:1:      minmay_arrival_shoal_huts, layout_basic, kennysheep_nondescript,
          minmay_crystal_room
D:2:      layout_loops_ring, chequers_ecumenical_altar_twisty, serial_shops,
          shop, lemuel_flame_loot_1, uniq_natasha
D:3:      layout_basic, chequers_serial_rivers_micro_c, minmay_cut_off
D:4:      layout_gridville, mainiacjoe_overflow_alcove_2,
          mainiacjoe_overflow_brackets
D:5:      layout_loops_ring, nicolae_overflow_hidden_temple,
          mainiacjoe_overflow_concentric_impassable, minmay_temple_entry_waves,
          grunt_ministairs_2, uniq_menkaure, uniq_duvessa, uniq_eustachio,
          uniq_crazy_yiuf_cottage, uniq_ijyb
D:6:      layout_rooms, tso_oasis_becter, nicolae_shop_fire_sale
          [nicolae_sub_dead_trees], uniq_jeremiah
D:7:      layout_basic, lemuel_round_altar, nemelex_xobeh_ov_fountains_minmay,
          lemuel_crystal_altar, serial_shops, shop, serial_park_tiny_1
D:8:      layout_basic, mainiacjoe_overflow_big_doors,
          gammafunk_ghost_berserking_beasts, roderic_three_in_a_row,
          uniq_maggie, uniq_gastronok
D:9:      layout_cave_pools, general_overflow_altar, mainiacjoe_overflow_swirl,
          serial_shops, nicolae_shop_back_alley_shop
D:10:     layout_roguey, pdpol_wu_jian_five_deadly_venoms, david_lair_generic
D:11:     layout_loops_cross
D:12:     layout_layer_cave, david_orc_4, nicolae_stop_n_shop_2,
          serial_bayou_lake_a
D:13:     layout_basic, hellmonk_ghost_big_iron, nicolae_dithmenos_shadow_blocks
D:14:     layout_layer_cave, david_vaults_3, chequers_serial_rivers_room_b,
          nicolae_trove_entry_crystal, serial_shops,
          nicolae_shop_tiny_waterfront, kennysheep_opposing_triangles,
          uniq_agnes
D:15:     gammafunk_enter_depths_forms, layout_basic,
          portal_ice_cave_entry_pillars_1, serial_ice, serial_ice_n,
          serial_ice_i, serial_ice_b, serial_ice_a, hangedman_decor_growths
Temple:   corrupted_temple
Lair:1:   layout_cave_pods
Lair:2:   layout_gridlike, shoals_dummy_entry, dummy_snake_entry,
          wad_woods_river_04
Lair:3:   nzn_winding_woodlands_huge [nzn_winding_woodlands_5x15_longhouse,
          nzn_winding_woodlands_5x15_garden,
          nzn_winding_woodlands_5x15_sidewinder,
          nzn_winding_woodlands_5x15_crooked,
          nzn_winding_woodlands_5x15_lazy_stream,
          nzn_winding_woodlands_5x15_cabin, nzn_winding_woodlands_5x15_pockets,
          nzn_winding_woodlands_5x15_twine, nzn_winding_woodlands_5x15_jagged,
          nzn_winding_woodlands_5x15_split_checker,
          nzn_winding_woodlands_center_garden,
          nzn_winding_woodlands_center_triple_pond,
          nzn_winding_woodlands_15x15_thick_spiral], layout_gridlike
Lair:4:   layout_gridlike, nicolae_slime_entry_slimehenge, special_room
          [special_room_bee], chequers_serial_rivers_room_a, wad_woods_02
Lair:5:   hangedman_lair_caniforms_friends, layout_cave_shapes,
          hangedman_lair_in_review, gauntlet_entry_generic,
          chequers_serial_rivers_micro_b, minivault_26, uniq_urug
Snake:1:  layout_rooms, grunt_megastairs_2, minmay_shop_star, lemuel_fruit_tree
Snake:2:  layout_basic, serial_shops, nicolae_shop_mannequins,
          serial_bayou_shore_b
Snake:3:  layout_cave_pods
Snake:4:  minmay_snake_end_coiled, layout_chambers, basic_altar, st_stairs_14,
          nicolae_snake_gridmaze_entwining, nicolae_snake_salamander_jacuzzi
Slime:1:  layout_caves
Orc:1:    layout_caves, nicolae_shop_gadgets, uniq_josephine
Orc:2:    st_orc_ogre_mass, layout_diamond_mine, lightli_church_of_beogh,
          uniq_maurice
Depths:1: layout_cave_pools, enter_ziggurat_e, minmay_room_of_horrors,
          hell_entry, kennysheep_pointless_box, serial_shops, shop,
          okawaru_gym_becter

Skill      XL: |  1  2  3  4  5  6  7  8  9 10 11 12 13 14 15 16 17 |
---------------+----------------------------------------------------+-----
Throwing       | 2 |  2.0
Dodging        | 3 4 5 6 8 9 10 12 13 14 15 | 15.4
Fighting       | 3 4 5 6 8 9 11 12 14 15 17 18 19 21 | 21.0
Long Blades    | 4 5 6 7 8 10 11 13 14 15 16 | 16.0
Evocations     | 6 9 11 | 11.6
Shields        | 3 7 10 | 10.5

Action                     |  1- 3 |  4- 6 |  7- 9 | 10-12 | 13-15 | 16-18 || total
---------------------------+-------+-------+-------+-------+-------+-------++-------
  Melee: Long sword        |    75 |   128 |    73 |     7 |       |       ||   283
         Tailslap          |     8 |    20 |    41 |   216 |   421 |   221 ||   927
         Unarmed           |       |     6 |       |       |       |       ||     6
         Punch             |       |       |     4 |    17 |    31 |       ||    52
         Dagger            |       |       |   175 |   947 |  1576 |       ||  2698
         Bite              |       |       |       |       |   235 |   138 ||   373
         Scimitar          |       |       |       |       |    98 |   128 ||   226
         Demon blade       |       |       |       |       |       |   798 ||   798
 Invoke: Berserk           |       |       |     2 |    16 |    22 |     8 ||    48
         Trog's Hand       |       |       |       |       |       |     3 ||     3
Ability: Breathe Acid      |       |       |    12 |     2 |     1 |       ||    15
  Evoke: Wand              |       |       |       |     4 |     8 |       ||    12
         Lightning rod     |       |       |       |       |     2 |       ||     2
         Tin of tremorston |       |       |       |       |     2 |       ||     2
    Use: Scroll            |       |       |     2 |    18 |    11 |     8 ||    39
   Stab: Sleeping          |     1 |     5 |       |     3 |     4 |     2 ||    15
         Petrified         |       |       |       |       |    11 |       ||    11
         Distracted        |       |       |       |       |     1 |     1 ||     2
 Armour: Skin              |    32 |    41 |    97 |   295 |   558 |   421 ||  1444
  Dodge: Dodged            |    64 |    81 |   204 |   832 |  1608 |   621 ||  3410
  Block: Other             |     1 |    19 |    24 |       |       |       ||    44
         Reflection        |       |     1 |     1 |       |       |       ||     2
         Buckler           |       |       |       |       |       |   242 ||   242

Table legend: (Time is in decaauts)
 A = Elapsed time spent in this place.
 B = Non-inter-level travel time spent in this place.
 C = Inter-level travel time spent in this place.
 D = Time resting spent in this place.
 E = Time spent auto-exploring this place.
 F = Levels seen in this place.
 G = Mean time per level.
                   A        B        C        D        E       F      G
               +--------+--------+--------+--------+--------+-----+--------+
         Total |  29369 |  27771 |   1598 |   4867 |  15778 |  31 |  947.4 |
       Dungeon |  14831 |  13674 |   1157 |   1838 |   9246 |  15 |  988.7 |
        Temple |     42 |     42 |      0 |      0 |      0 |   1 |   42.0 |
          Lair |   6532 |   6283 |    249 |    928 |   3643 |   5 | 1306.4 |
     Snake Pit |   5707 |   5541 |    166 |   1608 |   2087 |   4 | 1426.8 |
    Slime Pits |      7 |      7 |      0 |      0 |      0 |   1 |    7.0 |
  Orcish Mines |   1208 |   1184 |     24 |    118 |    739 |   2 |  604.0 |
        Depths |     30 |     30 |      0 |      0 |      0 |   1 |   30.0 |
      Ice Cave |    598 |    598 |      0 |    203 |     62 |   1 |  598.0 |
      Gauntlet |    411 |    411 |      0 |    170 |      0 |   1 |  411.0 |
               +--------+--------+--------+--------+--------+-----+--------+

Top non-repeatable levels by time:
 Snake:4: 2599 daAuts
  Lair:3: 1942 daAuts
  Lair:5: 1732 daAuts
    D:12: 1715 daAuts
    D:14: 1546 daAuts
 Snake:3: 1510 daAuts
     D:5: 1298 daAuts
    D:15: 1275 daAuts
  Lair:1: 1211 daAuts
 Snake:2: 1076 daAuts
     D:4: 977 daAuts
  Lair:4: 966 daAuts
     D:3: 925 daAuts
     D:8: 914 daAuts
     D:9: 912 daAuts
